Map: 宿怨战场-天梯版

Players

Dark - Winner!

  • Race: Zerg Zerg
  • League: Gold

Drager

  • Race: Protoss Protoss
  • League: Diamond

Event: WESG 2018 Grand Finals

VOD

Have the link to the VOD?

Description

Time

  • Played on: March 11, 2019, 4:07 a.m.
  • Length: 6:25

All games in this series

Show
View Real Time Build Order
Export as new Build Order

Dark Zerg - Winner!

Build Orders: Hatch First 

Get SALT Encoding   

  12  0:00  Drone  
  13  0:13  Overlord  
  13  0:17  Drone  
  14  0:31  Drone x2  
  16  0:37  Drone  
  17  0:51  Hatchery  
  17  0:55  Drone  
  17  0:58  Drone  
  18  1:08  Extractor  
  17  1:12  Spawning Pool  
  17  1:16  Drone  
  17  1:21  Drone  
  18  1:30  Drone  
  19  1:41  Drone  
  20  1:49  Hatchery  
  20  1:52  Drone  
  20  2:02  Queen  
  20  2:03  Zergling x2  
  23  2:11  Drone  
  24  2:16  Queen  
  26  2:25  Overlord  
  26  2:27  Drone  
  26  2:29  Drone  
  28  2:43  Zergling x2  
  28  2:44  Metabolic Boost, Drone x2  
  31  2:51  Queen  
  31  2:52  Drone  
  31  2:53  Drone  
  35  3:03  Queen  
  35  3:05  Overlord  
  37  3:07  Drone  
  37  3:11  Drone  
  39  3:13  Drone  
  39  3:15  Drone  
  39  3:16  Drone  
  42  3:22  Overlord  
  42  3:25  Drone x3  
  45  3:28  Drone  
  46  3:35  Overlord  
  46  3:36  Overlord  
  46  3:42  Drone x2  
  46  3:48  Spore Crawler, Drone x2  
  50  3:50  Spore Crawler  
  50  3:55  Zergling x4  
  50  3:56  Drone  
  50  3:57  Drone x3  
  50  4:02  Queen  
  56  4:07  Drone x2  
  56  4:08  Drone  
  59  4:11  Lair  
  59  4:16  Drone x3  
  62  4:22  Roach Warren  
  61  4:27  Drone x5  
  61  4:29  Extractor  
  61  4:30  Drone  
  66  4:34  Overlord  
  66  4:41  Extractor  
  66  4:42  Extractor  
  66  4:43  Drone x2  
  66  4:45  Overlord  
  66  4:47  Overlord  
  66  4:53  Overlord  
  66  4:56  Drone x4  
  70  5:04  Drone x2  
  70  5:06  Roach x5  
  81  5:07  Roach  
  81  5:12  Evolution Chamber  
  82  5:17  Roach x2  
  82  5:20  Overlord  
  86  5:22  Roach x2  
  86  5:24  Roach  
  86  5:25  Roach  
  94  5:29  Spine Crawler  
  94  5:32  Spine Crawler x2  
  94  5:33  Roach  
  94  5:34  Roach x2  
  97  5:39  Roach x2  
  99  5:48  Roach  
  99  5:49  Roach  
  98  5:50  Roach x2  
  98  5:51  Roach  
  98  5:54  Roach x2  
  93  5:57  Roach  
  93  6:00  Roach  
  93  6:02  Roach  
  92  6:05  Roach  
Show
View Real Time Build Order
Export as new Build Order

Drager Protoss 

Build Orders: 1 Gate Expand, Phoenix Opening 

Get SALT Encoding   

  12  0:00  Probe  
  13  0:12  Probe  
  14  0:17  Pylon  
  14  0:24  Probe  
  15  0:32  Probe  
  15  0:38  Gateway  
  15  0:40  Probe  
  16  0:46  Assimilator  
  17  0:52  Probe  
  18  1:04  Probe  
  19  1:16  Probe  
  20  1:25  Nexus  
  20  1:34  Cybernetics Core  
  20  1:36  Probe  
  21  1:44  Assimilator  
  21  1:48  Probe  
  21  1:52  Pylon  
  22  2:00  Adept  
  22  2:01  Probe  
  23  2:13  Probe  
  26  2:22  Adept, Stargate  
  26  2:25  Probe  
  27  2:34  Probe  
  27  2:35  Warp Gate  
  30  2:37  Probe  
  30  2:43  Probe  
  31  2:49  Probe  
  31  2:51  Probe  
  33  2:55  Adept  
  36  3:01  Probe, Phoenix  
  36  3:03  Probe  
  40  3:13  Probe  
  40  3:14  Pylon  
  40  3:15  Probe  
  42  3:25  Probe  
  43  3:27  Probe  
  44  3:34  Gateway  
  44  3:35  Assimilator  
  44  3:36  Assimilator  
  49  3:47  Robotics Facility  
  47  3:52  Twilight Council  
  44  4:02  Pylon, Charge  
  44  4:08  Gateway x2  
  44  4:10  Gateway  
  44  4:18  Gateway  
  44  4:20  Gateway  
  44  4:22  Gateway  
  44  4:24  Warp Prism  
  44  4:29  Zealot x2  
  48  4:32  Pylon  
  50  4:45  Pylon  
  49  5:04  Zealot x4  
  57  5:13  Pylon  
  57  5:14  Pylon  
  57  5:19  Zealot x4  
  65  5:24  Zealot x3  
  65  5:25  Zealot  
  68  5:42  Zealot x3  
  64  5:53  Zealot x2  
  58  5:58  Zealot  
  58  6:03  Zealot  
  56  6:09  Zealot  
  48  6:17  Zealot x2  
Tags
 
Add a new tag
Caveats
  • Supply blocks, unpowered buildings, or Contaminate may cause inaccurate times.
  • Supply counts are checked every 10 seconds.